 Dungeon Crawl Stone Soup version 0.13-a0-3076-g221303f (webtiles) character file.

272 Malachi the Charmwright (level 3, 16/23 HPs)
             Began as a High Elf Skald on Sept 17, 2013.
             Got out of the dungeon alive.
             The game lasted 00:04:02 (2990 turns).

Malachi the Charmwright (High Elf Skald)            Turns: 2990, Time: 00:04:02

HP  16/23        AC  3     Str 11      XL: 3   Next: 92%
MP   9/9         EV 11     Int 17      God:
Gold 207         SH  0     Dex 14      Spells:  2 memorised,  5 levels left

Res.Fire  : x . .   See Invis. : .   p - +0 long sword
Res.Cold  : + . .   Warding    : .   b - +0 elf leather armour
Life Prot.: . . .   Conserve   : .   (no shield)
Res.Poison: .       Res.Corr.  : .   (no helmet)
Res.Elec. : .       Clarity    : .   (no cloak)
Sust.Abil.: . .     Spirit.Shd : .   (no gloves)
Res.Mut.  : .       Stasis     : .   (no boots)
Res.Rott. : .       Flight     : .   (no amulet)
Saprovore : . . .                    (no ring)
                                     t - ring of ice

@: slightly resistant to hostile enchantments, unstealthy
A: no striking features
a: no special abilities


You escaped.
You were starving.

You visited 1 branch of the dungeon, and saw 3 of its levels.

You collected 187 gold pieces.

Inventory:

Hand weapons
 a - a +0,+0 elven falchion
 p - a +0,+0 long sword (weapon)
Armour
 b - a +0 elven leather armour (worn)
Comestibles
 d - 3 bread rations
 h - 3 meat rations
Scrolls
 e - 4 scrolls of teleportation {unknown}
 g - 5 scrolls of identify {unknown}
 i - a scroll of enchant weapon II {unknown}
 j - 2 scrolls of enchant weapon I {unknown}
 k - a scroll of curse jewellery {unknown}
 m - 2 scrolls of remove curse {unknown}
 n - a scroll of noise {unknown}
 q - 2 scrolls of magic mapping {unknown}
 r - 3 scrolls of curse weapon {unknown}
 v - a scroll of blinking {unknown}
Jewellery
 t - a ring of ice (left hand)
Potions
 f - 2 potions of slowing {unknown}
 l - 4 potions of brilliance {unknown}
 o - a potion of heal wounds {unknown}
 s - 3 potions of curing {unknown}
 u - a potion of poison {unknown}
Books
 c - a book of Battle

   Spells                             Type                      Level
   *Infusion                          Charms                       1
   Shroud of Golubria                 Charms/Translocation         2
   *Song of Slaying                   Charms                       2
   Spectral Weapon                    Hexes/Charms                 3
   Regeneration                       Charms/Necromancy            3
   Song of Shielding                  Charms                       4


   Skills:
 + Level 2.1 Fighting
 + Level 3.0 Long Blades
 + Level 1.1 Armour
 + Level 1.8 Dodging
 + Level 0.2 Stealth
 + Level 3.2 Spellcasting
 + Level 4.4 Charms


You had 5 spell levels left.
You knew the following spells:

 Your Spells              Type           Power        Failure   Level  Hunger
a - Infusion              Chrm           ###...       2%          1    None
b - Song of Slaying       Chrm           ###.......   4%          2    ##.....


Dungeon Overview and Level Annotations

Branches:
Dungeon (3/27)

Altars:


Message History

You see here a dart of flame.
There is an open door here.
The hobgoblin closely misses you.
You closely miss the hobgoblin. The hobgoblin closely misses you.
You hit the hobgoblin.
The hobgoblin is heavily wounded.
The hobgoblin barely misses you.
Your leather armour prevents you from hitting the hobgoblin.
The hobgoblin is heavily wounded.
The hobgoblin hits you with a dagger.
You hit the hobgoblin.
You kill the hobgoblin!
No target in view!
No target in view!
There is an open door here.
There is a fountain of clear blue water here.
There is an open door here.
There is a staircase leading out of the dungeon here.
Are you sure you want to leave the Dungeon?
This will make you lose the game!
You have escaped!

#.#....# #.# #.#)####
#.# #.#.# #.#
######'#'## #.#
#......(..#########.#
#.................#.#
#..........⌠...⌠....#
#...........###..#..#
####...........#@'.....#
..#....##+#....###..##.#
#.#.##.##.#.#.⌠...⌠.##.#
#.#.##....#.#.......##.#
#.#.##.##..............#
.....>.................#
..#.#############.....##
..#.# #.##### .##.#
###########.#


There were no monsters in sight!

Vanquished Creatures
  2 adders
  An ooze (D:1)
  An orc (D:3)
  2 ball pythons
  6 bats
  A giant cockroach (D:2)
  4 goblins
  7 hobgoblins
  8 jackals
  4 kobolds
  A giant newt (D:2)
  2 rats
39 creatures vanquished.

Notes
Turn   | Place    | Note
--------------------------------------------------------------
     0 | D:1      | Malachi, the High Elf Skald, began the quest for the Orb.
     0 | D:1      | Reached XP level 1. HP: 13/13 MP: 4/4
   197 | D:1      | Reached XP level 2. HP: 11/18 MP: 0/6
   491 | D:1      | Reached skill level 1 in Armour
   583 | D:1      | Learned a level 2 spell: Song of Slaying
   791 | D:1      | Reached skill level 4 in Charms
  1126 | D:2      | Reached XP level 3. HP: 15/23 MP: 6/9
  2990 | D:$      | Got out of the dungeon alive.

Action                   || total
-------------------------++-------
Melee: Falchion          ||    41
       Long sword        ||    61
 Cast: Infusion          ||    21
       Song of Slaying   ||     4
